 Dungeon Sprint DCSS version 0.17.0-24-gcfadda4 (webtiles) character file.

213172 Kidiri the Ninja (level 16, -6/96 HPs)
             Began as a Spriggan Enchanter on Nov 16, 2015.
             Was the Champion of Dithmenos.
             Mangled by Mennas
             ... wielding a +5 eudemon blade of holy wrath
              (19 damage)
             ... in the Dungeon (Sprint III: "The Ten Rune Challenge").
             The game lasted 01:42:43 (17667 turns).

Kidiri the Ninja (Spriggan Enchanter)              Turns: 17667, Time: 01:42:43

Health: -6/96      AC: 13    Str:  8    XL:     16   Next: 95%
Magic:  19/42      EV: 45    Int: 24    God:    Dithmenos [******]
Gold:   2327       SH: 11    Dex: 30    Spells: 19 memorised, 1 level left

rFire  + . .     SeeInvis +     z - +1 quick blade of Perversion {venom, rC++}
rCold  + + +     Rnd*Rage +     v - +2 robe {rC+ rF+}
rNeg   + . .     SustAt   .     y - +0 buckler {reflect}
rPois  +         Gourm    .     m - +1 hat
rElec  .         Spirit   .     h - +2 cloak of Mysticism {Str+4 Dex+5 Stlth-}
rCorr  .         Warding  .     (gloves unavailable)
rMut   .         NoTele   +     (boots unavailable)
MR     ++...                    C - amulet of regeneration
Stlth  +++++++++.               A - ring of the Salamander {rC+ Dex+4}
                                l - ring "Bioni" {*Corrode rPois rN+ Int+2 Stlth-}

@: very quick, very resistant to hostile enchantments, incredibly stealthy
A: unfitting armour, claws 1, rough black scales 1, see invisible, agile 1,
berserk 1, clever 1, herbivore 3, speed 3, robust 1, slow metabolism 2
a: Shadow Step, Shadow Form, Renounce Religion
}: 4/10 runes: decaying, serpentine, silver, golden


You were in the Dungeon.
You worshipped Dithmenos.
Dithmenos was exalted by your worship.
You were full.

You visited 1 branch You collected 3886 gold pieces.
You spent 1559 gold pieces at shops.

Inventory:

Hand Weapons
 z - the +1 quick blade of Perversion (weapon) {venom, rC++}
   (You found it in the Dungeon)

   It poisons the flesh of those it strikes.
   It greatly protects you from cold.
Missiles
 a - 10 throwing nets (quivered)
Armour
 h - the +2 cloak of Mysticism (worn) {Str+4 Dex+5 Stlth-}
   (You bought it in a shop in the Dungeon)

   It affects your strength (+4).
   It affects your dexterity (+5).
   It makes you less stealthy.
 m - a +1 hat (worn)
 v - a +2 robe of resistance (worn)
 y - a +0 buckler of reflection (worn)
Jewellery
 k - an uncursed ring of flight
 l - the ring "Bioni" (left claw) {*Corrode rPois rN+ Int+2 Stlth-}
   (You bought it in a shop in the Dungeon)

   [ring of loudness]

   It affects your intelligence (+2).
   It protects you from poison.
   It protects you from negative energy.
   It may corrode your equipment when you take damage.
   It makes you less stealthy.
 A - the ring of the Salamander (right claw) {rC+ Dex+4}
   (You found it in the Dungeon)

   [ring of protection from cold]

   It affects your dexterity (+4).
   It protects you from cold.
 C - an amulet of regeneration (around neck)
 E - an uncursed amulet of resist mutation
Wands
 d - a wand of magic darts (24)
 I - a wand of disintegration (13)
 J - a wand of disintegration (16)
 V - a wand of disintegration (9)
Scrolls
 b - 4 scrolls of amnesia
 j - a scroll of blinking
 n - 3 scrolls of remove curse
 r - a scroll of holy word
 t - 2 scrolls of silence
 D - a scroll of fear
 O - 7 scrolls of identify
Potions
 e - 2 potions of curing
 g - a potion of haste
 i - 2 potions of might
 q - 5 potions of flight
 s - a potion of cure mutation
 u - a potion of resistance
Books
 M - a book of the Earth

   Spells                             Type                      Level
   a - Leda's Liquefaction            Hexes/Earth                  4
   b - Bolt of Magma                  Conjuration/Fire/Earth       5
   c - Statue Form                    Transmutation/Earth          6
   d - Iron Shot                      Conjuration/Earth            6
   e - Shatter                        Earth                        9
Comestibles
 f - 8 fruits
 o - 24 royal jellies


   Skills:
 + Level 11.6 Fighting
 * Level 19.9 Short Blades
 + Level 10.7 Armour
 * Level 24.3 Dodging
 O Level 27 Stealth
 * Level 9.6 Shields
 * Level 21.5 Spellcasting
 + Level 10.7 Conjurations
 + Level 16.2 Hexes
 + Level 12.6 Charms
 + Level 7.6 Necromancy
 + Level 12.6 Translocations
 + Level 12.5 Transmutations
 + Level 11.9 Ice Magic
 + Level 8.6 Air Magic
 + Level 8.9 Earth Magic
 + Level 9.0 Poison Magic
 - Level 2.7 Invocations
 + Level 15.3 Evocations


You had one spell level left.
You knew the following spells:

 Your Spells              Type           Power        Failure   Level  Hunger
a - Corona                Hex            #######      0%          1    None
b - Ensorcelled Hibernat  Hex/Ice        ######       0%          2    None
c - Confuse               Hex            #######.     0%          3    None
d - Tukima's Dance        Hex            #######.     0%          3    None
e - Dazzling Spray        Conj/Hex       ######..     1%          3    None
f - Stoneskin             Trmt/Erth      ######..     1%          2    None
g - Passwall              Trmt/Erth      ######....   1%          3    None
h - Stone Arrow           Conj/Erth      ######       1%          3    None
i - Petrify               Trmt/Erth      ######..     1%          4    None
j - Lee's Rapid Deconstr  Erth           ######....   1%          5    None
k - Slow                  Hex            #######.     0%          2    None
l - Repel Missiles        Chrm/Air       ######       1%          2    None
m - Mephitic Cloud        Conj/Pois/Air  ######..     1%          3    None
n - Apportation           Tloc           ######....   0%          1    None
o - Invisibility          Hex            #######.     1%          6    ##.....
p - Shroud of Golubria    Chrm/Tloc      ######....   0%          2    None
q - Regeneration          Chrm/Necr      ######....   1%          3    None
r - Gell's Gravitas       Hex/Tloc       #######...   0%          3    None
s - Iron Shot             Conj/Erth      ######....   6%          6    ##.....


Dungeon Overview and Level Annotations

Branches:
Dungeon (1/1)

Altars:
Cheibriados
Dithmenos
Elyvilon
Fedhas
Gozag
Kikubaaqudgha
Makhleb
Nemelex Xobeh
Okawaru
Qazlal
Ru
Sif Muna
Trog
Vehumet
Xom
Yredelemnul
Zin
The Shining One
Jiyva
Lugonu

Shops:
D (:?([=!!}[[%*?:(%?[}(!(=

Annotations:
D exclusion: 4 statues, Mennas


Innate Abilities, Weirdness & Mutations

You are tiny and cannot use many weapons and most armour.
You have supernaturally acute eyesight.
You are a herbivore.
You cover ground extremely quickly.
You need consume almost no food.
You have sharp fingernails.
You are partially covered in rough black scales (AC +4, Dex -1).
You are agile. (Dex +2)
You tend to lose your temper in combat.
Your mind is acute. (Int +2)
You are robust (+10% HP).


Message History

Confirm with . or Enter, or press ? or * to list all spells.
Aiming: Lee's Rapid Deconstruction
Press: ? - help, Dir - move target cursor The wall shatters!
Mennas completely misses you. Mennas misses you.
Unknown command.
Casting: Lee's Rapid Deconstruction
Confirm with . or Enter, or press ? or * to list all spells.
Aiming: Lee's Rapid Deconstruction
Press: ? - help, Dir - move target cursor That beam is likely to hit you.
Continue anyway?
The wall shatters!
The blast of rock fragments hits Mennas.
Mennas is moderately wounded.
The blast of rock fragments hits you!
Mennas hits you with an eudemon blade of holy wrath!!
* * * LOW HITPOINT WARNING * * *
You emit a cloud of dark smoke.
Mennas hits you but does no damage. You block Mennas's attack.
Mennas hits you with an eudemon blade of holy wrath!!
You die...

▓▓▓▓▓▓▓▓▓ ▓▓
▓<..#[..#### ##.
▓...#......#####..
▓..##.......#:.#..
▓##.##.##...#..#..
##§##.###A.##+#..
▓#§###..##[.###...
▓@###...#..####..[
▓#A§...##..###....
##§..##...##.....
##..##....#..A...
#..###..##.#.....
#..# #..#####....
▓▓▓▓▓▓▓▓▓▓▓▓▓▓▓▓▓
▓...+≈≈≈§≈§≈≈≈♣♣.
▓...#≈≈≈≈§≈§≈≈♣♣.


You could see Mennas.

Vanquished Creatures
  Mara (D)
  2 greater mummies (D)
  Boris (D)
  Frederick (D)
  Sigmund (D)
  A golden dragon (D)
  Xtahua (D)
  A lich (D)
  Rupert (D)
  A deep elf blademaster (D)
  2 titans (D)
  A quicksilver dragon (D)
  An ancient champion (D)
  Gastronok (D)
  Chuck (D)
  A sphinx (D)
  2 shadow dragons (D)
  Roxanne (D)
  A greater naga (D)
  3 frost giants (D)
  4 azure jellies (D)
  Maud (D)
  A vampire knight (D)
  Azrael (D)
  2 dire elephants (D)
  A deep elf annihilator (D)
  3 deep elf demonologists (D)
  16 vault guards (D)
  An ogre mage (D)
  A deep elf death mage (D)
  3 fire dragons (D)
  6 mummy priests (D)
  2 yaktaur captains (D)
  A deep elf high priest (D)
  A naga warrior (D)
  3 hydras (D)
  3 anacondas (D)
  Erica (D)
  3 centaur warriors (D)
  4 dancing weapons (D)
  A shock serpent (shapeshifter) (D)
  6 orc high priests (D)
  4 death yaks (D)
  A deep elf knight (D)
  9 skeletal warriors (D)
  An unseen horror (D)
  A spectral iron dragon (D)
  A death drake (D)
  A shadow wraith (D)
  A spriggan druid (D)
  A lindwurm (D)
  A giant orange brain (shapeshifter) (D)
  A swamp dragon (shapeshifter) (D)
  2 obsidian statues (D)
  2 deep elf summoners (D)
  A deep elf conjurer (D)
  2 oklob plants (D)
  4 crystal guardians (D)
  A hornet (D)
  4 ugly things (D)
  A guardian serpent (D)
  4 black mambas (D)
  2 elephants (D)
  2 stone giant skeletons (D)
  4 statues (D)
  A molten gargoyle (D)
  A fire drake (D)
  Edmund (D)
  3 anaconda simulacra (D)
  2 spiny frogs (D)
  3 wandering mushrooms (D)
  20 guardian mummies (D)
  3 yaktaurs (D)
  A komodo dragon (D)
  A queen bee (D)
  4 spriggan defenders (D)
  A deep elf priest (D)
  A snapping turtle (shapeshifter) (D)
  12 slime creatures (D)
  A shadow (D)
  8 blink frogs (D)
  2 spriggans (D)
  3 redbacks (D)
  A spatial vortex (D)
  2 nagas (D)
  A hydra simulacrum (D)
  2 iron troll simulacra (D)
  An orc warrior (D)
  3 water moccasins (D)
  A black mamba simulacrum (D)
  2 centaurs (D)
  A fire dragon simulacrum (D)
  A necrophage (D)
  A swamp drake (D)
  2 wasps (D)
  An earth elemental (D)
  2 brain worms (D)
  A water elemental (D)
  32 killer bees (D)
  An electric eel (D)
  An orc wizard (D)
  5 orc priests (D)
  A jelly (D)
  Jessica (D)
  A necromancer (D)
  A wolf (D)
  A wizard (D)
  3 humans (D)
  A wolf simulacrum (D)
  A kobold demonologist (D)
  3 adders (D)
  A giant eyeball (D)
  9 orcs (D)
  2 rats (D)
  A bush (D)
  A butterfly (D)
  5 plants (D)
302 creatures vanquished.

Vanquished Creatures (collateral kills)
  A frost giant (D)
  A vampire knight (D)
  A deep elf knight (D)
  A plant (D)
4 creatures vanquished.

Vanquished Creatures (others)
  A sphinx (D)
  2 draconian scorchers (D)
  A mummy priest (D)
  A fire dragon (D)
  8 dancing weapons (D)
  3 yaktaurs (D)
  2 fire drakes (D)
  5 guardian mummies (D)
  13 plants (D)
36 creatures vanquished.

Grand Total: 342 creatures vanquished

Notes
Turn   | Place    | Note
--------------------------------------------------------------
     0 | D        | Kidiri the Spriggan Enchanter began the quest for the Orb.
     0 | D        | Reached XP level 1. HP: 9/9 MP: 5/5
    24 | D        | Noticed Jessica
    41 | D        | Killed Jessica
    41 | D        | Reached skill level 1 in Fighting
    41 | D        | Reached skill level 1 in Armour
    41 | D        | Reached skill level 5 in Stealth
    41 | D        | Reached XP level 2. HP: 9/14 MP: 3/7
    45 | D        | Learned a level 2 spell: Ensorcelled Hibernation
   108 | D        | Killed a yaktaur
   140 | D        | Killed a fire drake
   152 | D        | Noticed a wolf
   181 | D        | Killed a wolf
   181 | D        | Reached skill level 5 in Dodging
   181 | D        | Reached skill level 6 in Stealth
   181 | D        | Reached XP level 3. HP: 18/18 MP: 0/9
   186 | D        | Learned a level 3 spell: Confuse
   190 | D        | Learned a level 3 spell: Dazzling Spray
   192 | D        | Killed a white draconian scorcher
   230 | D        | Killed a fire drake
   255 | D        | Killed a white draconian scorcher
   284 | D        | Reached XP level 4. HP: 22/22 MP: 9/11
   291 | D        | Learned a level 3 spell: Tukima's Dance
   306 | D        | Gained mutation: You are robust (+10% HP). [potion of mutation]
   306 | D        | Gained mutation: You tend to lose your temper in combat. [potion of mutation]
   306 | D        | Gained mutation: You have sharp fingernails. [potion of mutation]
   307 | D        | Gained mutation: Your mind is acute. (Int +2) [potion of mutation]
   307 | D        | Gained mutation: You are agile. (Dex +2) [potion of mutation]
   307 | D        | Gained mutation: You are partially covered in rough black scales (AC +4, Dex -1). [potion of mutation]
   331 | D        | Noticed a water elemental
   333 | D        | Killed a water elemental
   333 | D        | Reached skill level 7 in Stealth
   333 | D        | Reached skill level 5 in Spellcasting
   333 | D        | Reached skill level 1 in Conjurations
   333 | D        | Reached skill level 1 in Ice Magic
   345 | D        | Noticed a jelly
   346 | D        | Noticed a shadow
   364 | D        | Killed a shadow
   364 | D        | Reached skill level 5 in Short Blades
   364 | D        | Reached skill level 8 in Dodging
   364 | D        | Reached skill level 9 in Stealth
   364 | D        | Reached skill level 5 in Hexes
   364 | D        | Reached XP level 5. HP: 27/29 MP: 1/15
   364 | D        | Reached XP level 6. HP: 32/35 MP: 1/16
   486 | D        | Killed a jelly
   492 | D        | Found a stormy altar of Qazlal.
   493 | D        | Found a sacrificial altar of Ru.
   493 | D        | Found a burning altar of Makhleb.
   493 | D        | Found a viscous altar of Jiyva.
   493 | D        | Found a shimmering altar of Xom.
   493 | D        | Found a shadowy altar of Dithmenos.
   493 | D        | Found a sparkling altar of Nemelex Xobeh.
   493 | D        | Found a corrupted altar of Lugonu.
   493 | D        | Found an opulent altar of Gozag.
   493 | D        | Noticed a spatial vortex
   497 | D        | Became a worshipper of Dithmenos the Shadowed
   498 | D        | Killed a spatial vortex
   498 | D        | Reached skill level 1 in Invocations
   525 | D        | Found a radiant altar of Vehumet.
   526 | D        | Found a deep blue altar of Sif Muna.
   526 | D        | Found an ancient bone altar of Kikubaaqudgha.
   526 | D        | Noticed a wizard
   527 | D        | Killed a wizard
   527 | D        | Reached skill level 10 in Stealth
   549 | D        | Found a glowing silver altar of Zin.
   550 | D        | Found a glowing golden altar of the Shining One.
   550 | D        | Found a white marble altar of Elyvilon.
   550 | D        | Noticed a deep elf priest
   552 | D        | Killed a deep elf priest
   552 | D        | Reached * piety under Dithmenos
   552 | D        | Reached XP level 7. HP: 39/39 MP: 17/19
   563 | D        | Found an iron altar of Okawaru.
   564 | D        | Found a bloodstained altar of Trog.
   564 | D        | Noticed a human
   564 | D        | Noticed a human
   566 | D        | Killed a human
   566 | D        | Reached skill level 10 in Dodging
   566 | D        | Reached skill level 11 in Stealth
   567 | D        | Killed a human
   582 | D        | Found a snail-covered altar of Cheibriados.
   582 | D        | Noticed a necrophage
   583 | D        | Found a basalt altar of Yredelemnul.
   583 | D        | Found a blossoming altar of Fedhas.
   583 | D        | Noticed a necromancer
   584 | D        | Killed a necrophage
   584 | D        | Reached ** piety under Dithmenos
   584 | D        | Reached XP level 8. HP: 46/46 MP: 21/21
   586 | D        | Killed a necromancer
   607 | D        | Noticed Erica
   672 | D        | Killed Erica
   672 | D        | Reached skill level 12 in Stealth
   804 | D        | Noticed an earth elemental
   807 | D        | Killed an earth elemental
   813 | D        | Noticed a centaur
   813 | D        | Noticed a centaur warrior
   813 | D        | Noticed a centaur
   824 | D        | Killed a centaur
   824 | D        | Reached skill level 10 in Spellcasting
   830 | D        | Killed a centaur warrior
   830 | D        | Reached *** piety under Dithmenos
   830 | D        | Reached skill level 13 in Stealth
   830 | D        | Reached XP level 9. HP: 46/50 MP: 4/24
   834 | D        | Killed a centaur
   951 | D        | Noticed an unseen horror
   953 | D        | Killed an unseen horror
   953 | D        | Reached skill level 5 in Fighting
   963 | D        | Noticed a killer bee
   963 | D        | Noticed a killer bee
   963 | D        | Noticed a killer bee
   963 | D        | Noticed a killer bee
   963 | D        | Noticed a killer bee
   963 | D        | Noticed a killer bee
   963 | D        | Noticed a killer bee
   963 | D        | Noticed a killer bee
   963 | D        | Noticed a killer bee
   963 | D        | Noticed a killer bee
   963 | D        | Noticed a killer bee
   963 | D        | Noticed a killer bee
   963 | D        | Noticed a killer bee
   963 | D        | Noticed a killer bee
   963 | D        | Noticed a killer bee
   964 | D        | Noticed a killer bee
   964 | D        | Noticed a killer bee
   964 | D        | Noticed a killer bee
   964 | D        | Noticed a killer bee
   964 | D        | Noticed a killer bee
   964 | D        | Noticed a killer bee
   964 | D        | Noticed a killer bee
   964 | D        | Noticed a killer bee
   964 | D        | Noticed a killer bee
   964 | D        | Noticed a killer bee
   964 | D        | Noticed a queen bee
   964 | D        | Noticed a killer bee
   964 | D        | Noticed a killer bee
   964 | D        | Noticed a killer bee
   964 | D        | Noticed a killer bee
   964 | D        | Noticed a killer bee
   964 | D        | Noticed a killer bee
   964 | D        | Noticed a killer bee
   965 | D        | Killed a killer bee
   966 | D        | Killed a killer bee
   972 | D        | Killed a killer bee
   972 | D        | Reached **** piety under Dithmenos
   974 | D        | Killed a killer bee
   978 | D        | Killed a killer bee
   980 | D        | Killed a killer bee
   980 | D        | Reached skill level 5 in Ice Magic
   986 | D        | Killed a killer bee
   986 | D        | Reached skill level 10 in Short Blades
   990 | D        | Killed a killer bee
   990 | D        | Reached ***** piety under Dithmenos
   990 | D        | Reached skill level 14 in Stealth
   992 | D        | Killed a killer bee
   994 | D        | Killed a killer bee
   996 | D        | Killed a killer bee
   998 | D        | Killed a killer bee
  1008 | D        | Killed a killer bee
  1145 | D        | Killed a killer bee
  1150 | D        | Killed a killer bee
  1152 | D        | Killed a killer bee
  1154 | D        | Killed a killer bee
  1154 | D        | Reached XP level 10. HP: 56/56 MP: 17/26
  1156 | D        | Killed a killer bee
  1167 | D        | Killed a killer bee
  1169 | D        | Killed a killer bee
  1171 | D        | Killed a killer bee
  1171 | D        | Reached ****** piety under Dithmenos
  1297 | D        | Killed a killer bee
  1299 | D        | Killed a killer bee
  1302 | D        | Killed a killer bee
  1304 | D        | Killed a killer bee
  1306 | D        | Killed a killer bee
  1308 | D        | Killed a killer bee
  1311 | D        | Killed a killer bee
  1313 | D        | Killed a killer bee
  1315 | D        | Killed a killer bee
  1317 | D        | Killed a killer bee
  1463 | D        | Killed a queen bee
  1463 | D        | Reached skill level 5 in Armour
  1481 | D        | Killed a killer bee
  1615 | D        | Noticed a wandering mushroom
  1616 | D        | Noticed a wandering mushroom
  1616 | D        | Noticed a wandering mushroom
  1617 | D        | Killed a wandering mushroom
  1617 | D        | Reached skill level 15 in Stealth
  1619 | D        | Killed a wandering mushroom
  1620 | D        | Killed a wandering mushroom
  1663 | D        | Noticed a spiny frog
  1663 | D        | Noticed a komodo dragon
  1663 | D        | Noticed a spiny frog
  1666 | D        | Killed a spiny frog
  1666 | D        | Reached skill level 5 in Conjurations
  1670 | D        | Killed a komodo dragon
  1672 | D        | Killed a spiny frog
  1718 | D        | Noticed a redback
  1720 | D        | Killed a redback
  1721 | D        | Noticed a brain worm
  1725 | D        | Killed a brain worm
  1731 | D        | Noticed a brain worm
  1733 | D        | Killed a brain worm
  1739 | D        | Noticed a lindwurm
  1741 | D        | Noticed a redback
  1742 | D        | Killed a lindwurm
  1744 | D        | Killed a redback
  1749 | D        | Noticed a redback
  1750 | D        | Killed a redback
  1751 | D        | Noticed Maud
  1753 | D        | Killed Maud
  1753 | D        | Reached skill level 16 in Stealth
  1753 | D        | Reached XP level 11. HP: 62/62 MP: 27/29
  1764 | D        | Noticed an electric eel
  1765 | D        | Noticed an eight-headed hydra
  1765 | D        | Noticed a seven-headed hydra
  1766 | D        | Killed an electric eel
  1768 | D        | Killed an eight-headed hydra
  1768 | D        | Reached skill level 15 in Dodging
  1768 | D        | Reached skill level 10 in Hexes
  1769 | D        | Killed a seven-headed hydra
  1807 | D        | Noticed a death drake
  1809 | D        | Killed a death drake
  1830 | D        | Found a blossoming altar of Fedhas.
  1830 | D        | Noticed a spriggan
  1830 | D        | Noticed a spriggan druid
  1830 | D        | Noticed a spriggan
  1832 | D        | Killed a spriggan druid
  1832 | D        | Reached skill level 17 in Stealth
  1833 | D        | Killed a spriggan
  1834 | D        | Killed a spriggan
  1860 | D        | Noticed a water moccasin
  1860 | D        | Noticed an anaconda
  1870 | D        | Killed an anaconda
  1873 | D        | Killed a water moccasin
  2072 | D        | Noticed an anaconda
  2073 | D        | Noticed a water moccasin
  2074 | D        | Killed an anaconda
  2076 | D        | Killed a water moccasin
  2097 | D        | Noticed a water moccasin
  2097 | D        | Noticed a black mamba
  2097 | D        | Noticed an anaconda
  2099 | D        | Killed an anaconda
  2102 | D        | Killed a water moccasin
  2103 | D        | Killed a black mamba
  2132 | D        | Noticed a black mamba
  2134 | D        | Killed a black mamba
  2155 | D        | Noticed a naga
  2155 | D        | Noticed a naga
  2156 | D        | Noticed a naga warrior
  2156 | D        | Noticed a greater naga
  2156 | D        | Found Ublaosocs's Antique Armour Shop.
  2156 | D        | Found Myennolu's Jewellery Shoppe.
  2156 | D        | Found Nosav's Distillery.
  2157 | D        | Killed a naga
  2159 | D        | Killed a greater naga
  2159 | D        | Reached skill level 18 in Stealth
  2159 | D        | Reached XP level 12. HP: 69/69 MP: 26/31
  2160 | D        | Killed a naga warrior
  2161 | D        | Killed a naga
  2190 | D        | Noticed a guardian serpent
  2192 | D        | Killed a guardian serpent
  2196 | D        | Got a serpentine rune of Zot
  2276 | D        | Noticed a swamp drake
  2276 | D        | Noticed a fire drake
  2277 | D        | Killed a fire drake
  2279 | D        | Killed a swamp drake
  2286 | D        | Noticed a blink frog
  2286 | D        | Noticed a blink frog
  2286 | D        | Noticed a blink frog
  2288 | D        | Noticed a blink frog
  2290 | D        | Noticed a blink frog
  2291 | D        | Killed a blink frog
  2295 | D        | Killed a blink frog
  2297 | D        | Killed a blink frog
  2300 | D        | Killed a blink frog
  2304 | D        | Killed a blink frog
  2362 | D        | Noticed Rupert
  2366 | D        | Killed Rupert
  2366 | D        | Reached skill level 15 in Spellcasting
  2373 | D        | Noticed a death yak
  2374 | D        | Noticed a death yak
  2374 | D        | Noticed a blink frog
  2375 | D        | Noticed an azure jelly
  2375 | D        | Noticed a death yak
  2375 | D        | Noticed an azure jelly
  2375 | D        | Noticed a blink frog
  2375 | D        | Noticed a death yak
  2376 | D        | Killed a death yak
  2377 | D        | Killed a death yak
  2377 | D        | Reached skill level 19 in Stealth
  2378 | D        | Killed a blink frog
  2379 | D        | Noticed a blink frog
  2397 | D        | Killed a death yak
  2406 | D        | Killed a blink frog
  2553 | D        | Killed a death yak
  2639 | D        | Noticed a black mamba
  2643 | D        | Noticed a black mamba
  2646 | D        | Killed a black mamba
  2649 | D        | Killed a black mamba
  2651 | D        | Killed a blink frog
  2732 | D        | Noticed a fire dragon
  2734 | D        | Noticed a fire dragon
  2734 | D        | Found Kodasuwe's Antique Weapon Shoppe.
  2734 | D        | Found Cyazomo's Book Boutique.
  2734 | D        | Found Zamadojy's Magic Scroll Emporium.
  2750 | D        | HP: 1/70 [fire dragon/blast of flame (26)]
  2769 | D        | Killed a fire dragon
  3087 | D        | Noticed a fire dragon
  3091 | D        | Killed a fire dragon
  3306 | D        | Killed a fire dragon
  3461 | D        | Noticed a six-headed hydra
  3461 | D        | Noticed Xtahua
  3532 | D        | Noticed an azure jelly
  3532 | D        | Noticed an azure jelly
  3533 | D        | Noticed an elephant
  3533 | D        | Noticed an elephant
  3533 | D        | Noticed a dire elephant
  3533 | D        | Noticed a dire elephant
  3533 | D        | Noticed Gastronok
  3559 | D        | Killed a dire elephant
  3738 | D        | Killed Gastronok
  3738 | D        | Reached skill level 15 in Short Blades
  3738 | D        | Reached skill level 20 in Stealth
  3738 | D        | Reached XP level 13. HP: 75/75 MP: 15/34
  3747 | D        | Killed an elephant
  3910 | D        | Killed an elephant
  3947 | D        | Killed a dire elephant
  4095 | D        | Found Femith's Antique Weapon Shoppe.
  4096 | D        | Noticed an orc priest
  4096 | D        | Noticed an orc wizard
  4096 | D        | Noticed an orc high priest
  4096 | D        | Noticed an orc warrior
  4096 | D        | Noticed an orc priest
  4096 | D        | Noticed an orc priest
  4098 | D        | Noticed an orc high priest
  4099 | D        | Killed an orc priest
  4101 | D        | Killed an orc priest
  4108 | D        | Killed an orc wizard
  4108 | D        | Noticed an orc high priest
  4112 | D        | Killed an orc high priest
  4138 | D        | Killed an orc warrior
  4307 | D        | Noticed an orc priest
  4312 | D        | Killed an orc priest
  4330 | D        | Killed an orc priest
  4334 | D        | Killed an orc high priest
  4443 | D        | Killed an orc high priest
  4559 | D        | Bought a runed rapier for 100 gold pieces
  4710 | D        | Bought a twisted cloak for 247 gold pieces
  4715 | D        | Identified the +2 cloak of Mysticism {Str+4 Dex+5 Stlth-} (You bought it in a shop in the Dungeon)
  4855 | D        | Bought a book of Geomancy for 350 gold pieces
  4858 | D        | Learned a level 2 spell: Stoneskin
  4862 | D        | Learned a level 3 spell: Passwall
  4877 | D        | Learned a level 3 spell: Stone Arrow
  4882 | D        | Learned a level 4 spell: Petrify
  4888 | D        | Learned a level 5 spell: Lee's Rapid Deconstruction
  4946 | D        | Killed a yaktaur
  5022 | D        | Killed a yaktaur
  5062 | D        | Noticed a deep elf knight
  5062 | D        | Noticed a deep elf summoner
  5062 | D        | Noticed a deep elf summoner
  5062 | D        | Noticed a deep elf conjurer
  5062 | D        | Noticed a deep elf knight
  5070 | D        | Killed a deep elf conjurer
  5079 | D        | Killed a deep elf knight
  5079 | D        | Reached skill level 1 in Transmutations
  5141 | D        | Killed a deep elf summoner
  5166 | D        | Killed a deep elf knight
  5166 | D        | Reached skill level 1 in Earth Magic
  5588 | D        | Bought an uncursed ring of flight for 175 gold pieces
  5764 | D        | Noticed a deep elf high priest
  5765 | D        | Noticed a deep elf demonologist
  5773 | D        | Noticed a deep elf annihilator
  5778 | D        | Killed a deep elf annihilator
  5781 | D        | Killed a deep elf high priest
  5907 | D        | Noticed a deep elf blademaster
  5909 | D        | Noticed a deep elf demonologist
  5912 | D        | Noticed a deep elf demonologist
  5912 | D        | Noticed a deep elf death mage
  6251 | D        | Killed a deep elf demonologist
  6255 | D        | Killed a deep elf death mage
  6255 | D        | Reached skill level 21 in Stealth
  6407 | D        | Killed a deep elf demonologist
  6418 | D        | Got a heavily runed plate armour
  6546 | D        | Killed a deep elf summoner
  6547 | D        | Killed a deep elf blademaster
  6552 | D        | Killed a deep elf demonologist
  6594 | D        | Got a wavering bone ring
  6598 | D        | Got an iridescent hunting sling
  6632 | D        | Identified the ring of the Salamander {rC+ Dex+4} (You found it in the Dungeon)
  6738 | D        | Learned a level 2 spell: Slow
  6741 | D        | Learned a level 2 spell: Repel Missiles
  6745 | D        | Learned a level 3 spell: Mephitic Cloud
  6760 | D        | Learned a level 1 spell: Apportation
  6767 | D        | Learned a level 6 spell: Invisibility
  7008 | D        | Killed Xtahua
  7008 | D        | Reached skill level 1 in Charms
  7008 | D        | Reached skill level 1 in Translocations
  7008 | D        | Reached skill level 1 in Air Magic
  7008 | D        | Reached skill level 1 in Poison Magic
  7011 | D        | Killed a six-headed hydra
  7019 | D        | Got a decaying rune of Zot
  7185 | D        | Noticed Sigmund
  7185 | D        | Noticed Edmund
  7187 | D        | Killed Sigmund
  7187 | D        | Reached skill level 5 in Transmutations
  7187 | D        | Reached XP level 14. HP: 82/82 MP: 31/36
  7189 | D        | Killed Edmund
  7212 | D        | Noticed an orc high priest
  7212 | D        | Noticed an orc high priest
  7213 | D        | Noticed an orc high priest
  7213 | D        | Noticed an orc priest
  7214 | D        | Killed an orc high priest
  7215 | D        | Killed an orc high priest
  7216 | D        | Killed an orc priest
  7233 | D        | Killed an orc high priest
  7357 | D        | Noticed a spriggan defender
  7358 | D        | Noticed a spriggan defender
  7358 | D        | Noticed a spriggan defender
  7358 | D        | Noticed a spriggan defender
  7359 | D        | Killed a spriggan defender
  7360 | D        | Killed a spriggan defender
  7362 | D        | Killed a spriggan defender
  7363 | D        | Killed a spriggan defender
  7410 | D        | Noticed an obsidian statue
  7442 | D        | Killed an obsidian statue
  7442 | D        | Reached skill level 5 in Evocations
  7504 | D        | Found Xoath's Magic Scroll Emporium.
  7504 | D        | Found Cufue's Gadget Shop.
  7504 | D        | Found Lifer's Jewellery Shoppe.
  7504 | D        | Found Zaaleost's Food Boutique.
  7504 | D        | Found Elihaiceyt's Antique Armour Emporium.
  7504 | D        | Found Juem's Antique Weapon Shop.
  7504 | D        | Found Xaofed's Distillery.
  7504 | D        | Found Xegruzov's Weapon Boutique.
  7505 | D        | Found Zischoti's Weapon Boutique.
  7505 | D        | Found Gayhuwot's Book Shoppe.
  7505 | D        | Found Wawnioty's Magic Scroll Shop.
  7505 | D        | Found Nez Soty's Assorted Antiques.
  7519 | D        | Bought a scroll of enchant armour for 75 gold pieces
  7519 | D        | Bought a scroll of enchant weapon for 75 gold pieces
  7528 | D        | Bought the ring "Bioni" {*Corrode rPois rN+ Int+2 Stlth-} for 301 gold pieces
  7710 | D        | Noticed a centaur warrior
  7712 | D        | Killed a centaur warrior
  7716 | D        | Noticed a slime creature
  7719 | D        | Killed a slime creature
  7726 | D        | Noticed a cyan ugly thing
  7727 | D        | Noticed a fire dragon
  7729 | D        | Killed a cyan ugly thing
  7732 | D        | Killed a fire dragon
  7732 | D        | Reached skill level 22 in Stealth
  7732 | D        | Reached skill level 1 in Shields
  7746 | D        | Noticed a centaur warrior
  7746 | D        | Noticed a slime creature
  7754 | D        | Killed a slime creature
  7757 | D        | Killed a centaur warrior
  7825 | D        | Noticed a green ugly thing
  7828 | D        | Killed a green ugly thing
  7846 | D        | Noticed a dire flail of protection
  7846 | D        | Noticed a short sword of venom
  7847 | D        | Noticed a trident of protection
  7848 | D        | Noticed a trident of flaming
  7849 | D        | Killed a trident of protection
  7851 | D        | Killed a trident of flaming
  7853 | D        | Killed a dire flail of protection
  7855 | D        | Killed a short sword of venom
  7861 | D        | Got an encrusted short sword
  7861 | D        | Got an ichor-stained quick blade
  7863 | D        | Identified the +4 short sword "Suewk" {pierce, rPois} (You found it in the Dungeon)
  7864 | D        | Identified the +1 quick blade of Perversion {venom, rC++} (You found it in the Dungeon)
  7915 | D        | Bought a scroll of identify for 28 gold pieces
  7918 | D        | Bought a scroll of identify for 20 gold pieces
  7918 | D        | Bought a scroll of identify for 20 gold pieces
  7918 | D        | Bought a scroll of identify for 20 gold pieces
  7918 | D        | Bought a scroll of identify for 20 gold pieces
  7983 | D        | Noticed a swamp dragon
  7983 | D        | Noticed a yaktaur captain
  7984 | D        | Noticed a slime creature
  7984 | D        | Noticed a snapping turtle
  7984 | D        | Noticed a shock serpent
  7985 | D        | Killed a swamp dragon
  7985 | D        | Reached skill level 5 in Translocations
  7987 | D        | Killed a slime creature
  7989 | D        | Killed a shock serpent
  7989 | D        | Reached skill level 5 in Charms
  7990 | D        | Killed a snapping turtle
  8060 | D        | Killed a yaktaur captain
  8216 | D        | Noticed Chuck
  8216 | D        | Noticed a slime creature
  8219 | D        | Killed a slime creature
  8221 | D        | Noticed a slime creature
  8223 | D        | Killed a slime creature
  8237 | D        | Killed Chuck
  8253 | D        | Identified the Compendium of Enhancements
  8259 | D        | Got a scorched morningstar
  8270 | D        | Learned a level 2 spell: Shroud of Golubria
  8274 | D        | Learned a level 3 spell: Regeneration
  8377 | D        | Noticed a slime creature
  8381 | D        | Killed a slime creature
  8382 | D        | Noticed Frederick
  8385 | D        | Killed Frederick
  8385 | D        | Reached skill level 1 in Necromancy
  8391 | D        | Noticed a green ugly thing
  8393 | D        | Killed a green ugly thing
  8395 | D        | Noticed a giant orange brain
  8397 | D        | Killed a giant orange brain
  8402 | D        | Noticed a lich
  8405 | D        | Killed a lich
  8405 | D        | Reached skill level 5 in Earth Magic
  8412 | D        | Noticed a slime creature
  8414 | D        | Killed a slime creature
  8418 | D        | Noticed a shadow dragon
  8418 | D        | Noticed an ogre mage
  8418 | D        | Noticed a shadow dragon
  8420 | D        | Killed a shadow dragon
  8421 | D        | Killed a shadow dragon
  8421 | D        | Reached skill level 10 in Ice Magic
  8422 | D        | Killed an ogre mage
  8422 | D        | Reached skill level 10 in Fighting
  8422 | D        | Reached skill level 23 in Stealth
  8430 | D        | Noticed an obsidian statue
  8444 | D        | Killed an obsidian statue
  8713 | D        | Noticed a skeletal warrior
  8713 | D        | Noticed a skeletal warrior
  8713 | D        | Noticed a skeletal warrior
  8713 | D        | Noticed a skeletal warrior
  8714 | D        | Noticed an ancient lich
  8715 | D        | Killed a skeletal warrior
  8716 | D        | Killed a skeletal warrior
  8718 | D        | Killed a skeletal warrior
  8718 | D        | Reached XP level 15. HP: 88/88 MP: 24/38
  8720 | D        | Killed a skeletal warrior
  8882 | D        | Learned a level 3 spell: Gell's Gravitas
  8886 | D        | Noticed a guardian mummy
  8886 | D        | Noticed a guardian mummy
  8887 | D        | Noticed a guardian mummy
  8887 | D        | Noticed a sphinx
  8887 | D        | Noticed a sphinx
  8887 | D        | Noticed a guardian mummy
  8888 | D        | Killed a guardian mummy
  8889 | D        | Killed a guardian mummy
  8902 | D        | Killed a sphinx
  8905 | D        | Killed a guardian mummy
  8905 | D        | Reached skill level 5 in Air Magic
  9040 | D        | Killed a sphinx
  9098 | D        | Killed a guardian mummy
  9336 | D        | Noticed a guardian mummy
  9337 | D        | Noticed a guardian mummy
  9337 | D        | Noticed a guardian mummy
  9338 | D        | Killed a guardian mummy
  9339 | D        | Noticed a guardian mummy
  9339 | D        | Noticed a guardian mummy
  9339 | D        | Noticed a mummy priest
  9340 | D        | Killed a guardian mummy
  9341 | D        | Killed a guardian mummy
  9344 | D        | Killed a guardian mummy
  9458 | D        | Killed a mummy priest
  9484 | D        | Killed a guardian mummy
  9546 | D        | Noticed a guardian mummy
  9547 | D        | Noticed a guardian mummy
  9548 | D        | Killed a guardian mummy
  9552 | D        | Noticed a guardian mummy
  9552 | D        | Noticed a guardian mummy
  9553 | D        | Noticed a guardian mummy
  9554 | D        | Killed a guardian mummy
  9558 | D        | Killed a guardian mummy
  9558 | D        | Reached skill level 5 in Shields
  9760 | D        | Killed a guardian mummy
  9761 | D        | Killed a guardian mummy
  9941 | D        | Noticed a guardian mummy
  9943 | D        | Killed a guardian mummy
 10377 | D        | Noticed a crystal guardian
 10377 | D        | Noticed a crystal guardian
 10377 | D        | Noticed a crystal guardian
 10377 | D        | Noticed a crystal guardian
 10378 | D        | Killed a crystal guardian
 10382 | D        | Killed a crystal guardian
 10382 | D        | Reached skill level 10 in Evocations
 10385 | D        | Killed a crystal guardian
 10385 | D        | Reached skill level 5 in Poison Magic
 10388 | D        | Killed a crystal guardian
 10414 | D        | Noticed a fire elementalist statue
 10414 | D        | Noticed a water elementalist statue
 10414 | D        | Noticed an earth elementalist statue
 10414 | D        | Noticed an air elementalist statue
 10418 | D        | Killed a water elementalist statue
 10422 | D        | Killed a fire elementalist statue
 10570 | D        | Killed an air elementalist statue
 10576 | D        | Killed an earth elementalist statue
 10761 | D        | Noticed an anaconda simulacrum
 10763 | D        | Killed an anaconda simulacrum
 10767 | D        | Noticed an iron troll simulacrum
 10769 | D        | Killed an iron troll simulacrum
 10854 | D        | Found Kicyokam's Gadget Emporium.
 10854 | D        | Found Ziskauth's Armour Shop.
 10854 | D        | Found Beol's Armour Shop.
 10854 | D        | Found Vaiggado's Food Shoppe.
 10854 | D        | Noticed an oklob plant
 10855 | D        | Noticed an oklob plant
 10856 | D        | Killed an oklob plant
 10857 | D        | Killed an oklob plant
 10863 | D        | Bought a +0 buckler for 63 gold pieces
 10889 | D        | Found Genuo's Distillery.
 10889 | D        | Noticed an iron troll simulacrum
 10893 | D        | Killed an iron troll simulacrum
 10896 | D        | Bought a potion of heal wounds for 65 gold pieces
 10909 | D        | Noticed Roxanne
 10915 | D        | Killed Roxanne
 11054 | D        | Noticed a hornet
 11056 | D        | Noticed a wasp
 11061 | D        | Killed a hornet
 11064 | D        | Killed a wasp
 11076 | D        | Noticed a wasp
 11078 | D        | Killed a wasp
 11263 | D        | Noticed a golden dragon
 11263 | D        | Noticed a vault guard
 11263 | D        | Noticed a vault guard
 11263 | D        | Noticed a frost giant
 11263 | D        | Noticed a vault guard
 11263 | D        | Noticed a vault guard
 11263 | D        | Noticed a titan
 11263 | D        | Noticed a vault guard
 11263 | D        | Noticed a vault guard
 11263 | D        | Noticed a frost giant
 11263 | D        | Noticed a vault guard
 11263 | D        | Noticed a vault guard
 11263 | D        | Noticed a quicksilver dragon
 11263 | D        | Noticed a vault guard
 11263 | D        | Noticed a vault guard
 11263 | D        | Noticed a titan
 11263 | D        | Noticed a vault guard
 11263 | D        | Noticed a frost giant
 11264 | D        | Noticed a skeletal warrior
 11264 | D        | Noticed a skeletal warrior
 11264 | D        | Noticed a cyan ugly thing
 11264 | D        | Noticed a vault guard
 11264 | D        | Noticed a vault guard
 11264 | D        | Noticed a vault guard
 11264 | D        | Noticed a frost giant
 11264 | D        | Noticed a vault guard
 11264 | D        | Noticed a vault guard
 11265 | D        | Killed a vault guard
 11297 | D        | Killed a cyan ugly thing
 11389 | D        | Killed a vault guard
 11413 | D        | Killed a vault guard
 11420 | D        | Killed a vault guard
 11444 | D        | Killed a vault guard
 11623 | D        | Killed a vault guard
 11673 | D        | Killed a vault guard
 11684 | D        | Killed a titan
 11818 | D        | Killed a vault guard
 11825 | D        | Killed a quicksilver dragon
 11825 | D        | Reached skill level 24 in Stealth
 11839 | D        | Killed a skeletal warrior
 11873 | D        | Killed a frost giant
 12007 | D        | Killed a frost giant
 12071 | D        | Killed a vault guard
 12097 | D        | Killed a vault guard
 12232 | D        | Killed a vault guard
 12456 | D        | Killed a vault guard
 12456 | D        | Reached skill level 5 in Necromancy
 12512 | D        | Killed a titan
 12512 | D        | Killed a vault guard
 12669 | D        | Killed a frost giant
 12669 | D        | Reached skill level 15 in Hexes
 12669 | D        | Reached skill level 10 in Translocations
 12669 | D        | Reached skill level 10 in Transmutations
 12697 | D        | Killed a vault guard
 12697 | D        | Reached skill level 10 in Charms
 12714 | D        | Killed a golden dragon
 12902 | D        | Killed a vault guard
 12918 | D        | Killed a vault guard
 12989 | D        | Killed a skeletal warrior
 12989 | D        | Reached XP level 16. HP: 90/90 MP: 25/41
 12997 | D        | Killed a frost giant
 12997 | D        | Reached skill level 10 in Conjurations
 13014 | D        | Got a silver rune of Zot
 13401 | D        | Noticed a guardian mummy
 13401 | D        | Noticed a guardian mummy
 13402 | D        | Noticed a guardian mummy
 13402 | D        | Noticed a guardian mummy
 13402 | D        | Noticed a mummy priest
 13402 | D        | Noticed a guardian mummy
 13402 | D        | Noticed a guardian mummy
 13402 | D        | Noticed a mummy priest
 13402 | D        | Noticed a greater mummy
 13402 | D        | Noticed a guardian mummy
 13402 | D        | Noticed a guardian mummy
 13402 | D        | Noticed a mummy priest
 13402 | D        | Noticed a greater mummy
 13402 | D        | Noticed a guardian mummy
 13402 | D        | Noticed a guardian mummy
 13402 | D        | Noticed a mummy priest
 13402 | D        | Noticed a mummy priest
 13403 | D        | Killed a guardian mummy
 13404 | D        | Killed a guardian mummy
 13404 | D        | Reached skill level 10 in Armour
 13406 | D        | Killed a guardian mummy
 13418 | D        | Killed a guardian mummy
 13439 | D        | Killed a guardian mummy
 13492 | D        | Killed a guardian mummy
 13509 | D        | Killed a guardian mummy
 13769 | D        | Killed a mummy priest
 13941 | D        | Killed a mummy priest
 13952 | D        | Killed a guardian mummy
 14100 | D        | Killed a greater mummy
 14106 | D        | Killed a mummy priest
 14436 | D        | Killed a mummy priest
 14436 | D        | Reached skill level 25 in Stealth
 14594 | D        | Killed a guardian mummy
 14618 | D        | Killed a greater mummy
 14645 | D        | Killed a guardian mummy
 14649 | D        | Killed a mummy priest
 14827 | D        | Got a golden rune of Zot
 14831 | D        | Identified the Grimoire of Creation
 14889 | D        | Got a pitted cloak
 14900 | D        | Identified the +1 cloak "Xeqaini" {rPois Stlth+} (You acquired it in the Dungeon)
 15054 | D        | Noticed a yaktaur captain
 15055 | D        | Noticed a yaktaur
 15055 | D        | Noticed a yaktaur
 15055 | D        | Noticed a yaktaur
 15056 | D        | Killed a yaktaur captain
 15059 | D        | Killed a yaktaur
 15062 | D        | Killed a yaktaur
 15065 | D        | Killed a yaktaur
 15073 | D        | Noticed Azrael
 15081 | D        | Killed Azrael
 15183 | D        | Got a heavily runed cloak
 15194 | D        | Identified the +0 cloak of Wrong Decisions {rF+ rC+ SInv} (You acquired it in the Dungeon)
 15279 | D        | Noticed a seven-headed hydra simulacrum
 15279 | D        | Noticed a black mamba simulacrum
 15280 | D        | Noticed a wolf simulacrum
 15280 | D        | Noticed a fire dragon simulacrum
 15281 | D        | Killed a black mamba simulacrum
 15284 | D        | Killed a wolf simulacrum
 15411 | D        | Killed a seven-headed hydra simulacrum
 15413 | D        | Killed a fire dragon simulacrum
 15577 | D        | Noticed a skeletal warrior
 15580 | D        | Killed a skeletal warrior
 15864 | D        | Killed an azure jelly
 15882 | D        | Killed an azure jelly
 15910 | D        | Killed an azure jelly
 15997 | D        | Killed an azure jelly
 16341 | D        | Noticed an anaconda simulacrum
 16341 | D        | Noticed an anaconda simulacrum
 16342 | D        | Noticed a spectral iron dragon
 16342 | D        | Noticed Boris
 16342 | D        | Noticed a stone giant skeleton
 16342 | D        | Noticed a stone giant skeleton
 16343 | D        | Killed an anaconda simulacrum
 16344 | D        | Killed a stone giant skeleton
 16346 | D        | Killed an anaconda simulacrum
 16347 | D        | Killed a stone giant skeleton
 16348 | D        | Killed Boris
 16348 | D        | Reached skill level 26 in Stealth
 16349 | D        | Killed a spectral iron dragon
 16689 | D        | Noticed a shadow wraith
 16701 | D        | Killed a shadow wraith
 16707 | D        | Noticed a skeletal warrior
 16707 | D        | Noticed a skeletal warrior
 16707 | D        | Noticed a mummy priest
 16709 | D        | Killed a mummy priest
 16713 | D        | Killed a skeletal warrior
 16713 | D        | Killed a skeletal warrior
 16922 | D        | Noticed a slime creature
 16922 | D        | Noticed a slime creature
 16922 | D        | Noticed a slime creature
 16922 | D        | Noticed a large slime creature
 16923 | D        | Killed a slime creature
 16923 | D        | Reached skill level 15 in Evocations
 16925 | D        | Killed a slime creature
 16927 | D        | Killed a slime creature
 16929 | D        | Killed a slime creature
 16931 | D        | Killed a slime creature
 16975 | D        | Learned a level 6 spell: Iron Shot
 16976 | D        | Noticed a molten gargoyle
 16977 | D        | Noticed a vampire knight
 16977 | D        | Noticed Mara
 16977 | D        | Noticed a vampire knight
 16979 | D        | Killed Mara
 16981 | D        | Killed a molten gargoyle
 16991 | D        | Killed a vampire knight
 17004 | D        | Killed a vampire knight
 17004 | D        | Reached skill level 27 in Stealth
 17240 | D        | Noticed an ancient champion
 17241 | D        | Killed an ancient champion
 17306 | D        | Noticed Mennas
 17307 | D        | Noticed a pristine statue
 17307 | D        | Noticed a pristine statue
 17307 | D        | Noticed a pristine statue
 17307 | D        | Noticed a pristine statue
 17667 | D        | Mangled by Mennas

Action                   |  1- 3 |  4- 6 |  7- 9 | 10-12 | 13-15 | 16-18 || total
-------------------------+-------+-------+-------+-------+-------+-------++-------
Melee: Dagger            |    12 |    14 |    61 |    58 |       |       ||   145
       Short sword       |       |       |       |    50 |    22 |       ||    72
       Rapier            |       |       |       |       |   137 |       ||   137
       Quick blade       |       |       |       |       |   266 |    91 ||   357
Throw: Throwing net      |       |       |       |       |       |     8 ||     8
 Cast: Corona            |     2 |       |       |       |       |       ||     2
       Ensorcelled Hiber |     3 |       |    23 |    54 |    34 |       ||   114
       Dazzling Spray    |       |     4 |    12 |    36 |   158 |    67 ||   277
       Confuse           |       |       |     3 |     2 |     3 |       ||     8
       Stoneskin         |       |       |       |       |     9 |       ||     9
       Invisibility      |       |       |       |       |     8 |       ||     8
       Tukima's Dance    |       |       |       |       |    11 |     2 ||    13
       Repel Missiles    |       |       |       |       |     1 |       ||     1
       Shroud of Golubri |       |       |       |       |     5 |       ||     5
       Mephitic Cloud    |       |       |       |       |     1 |     1 ||     2
       Lee's Rapid Decon |       |       |       |       |    48 |    25 ||    73
       Iron Shot         |       |       |       |       |       |     6 ||     6
       Passwall          |       |       |       |       |       |     3 ||     3
       Apportation       |       |       |       |       |       |     1 ||     1
       Petrify           |       |       |       |       |       |     1 ||     1
Invok: Shadow Step       |       |       |       |    13 |    19 |     4 ||    36
 Abil: Evoke Flight      |       |       |       |       |     5 |     4 ||     9
  Use: Potion            |       |     4 |     2 |       |     2 |     8 ||    16
       Scroll            |       |     4 |       |       |     9 |    16 ||    29
 Stab: Sleeping          |     4 |     6 |    23 |    66 |    68 |    23 ||   190
       Confused          |       |       |     2 |     4 |     2 |       ||     8
       Invisible         |       |       |     1 |     6 |    18 |     2 ||    27
       Distracted        |       |       |       |       |    11 |       ||    11
       Held in net/web   |       |       |       |       |     1 |     9 ||    10
  Eat: Bread ration      |       |       |       |     1 |     2 |       ||     3
       Fruit             |       |       |       |       |     3 |     1 ||     4
       Royal jelly       |       |       |       |       |       |     4 ||     4
